General information
- name: BNet
- type: Ladder team game (AT/RT)
- host: Battle.net
- saver: wAkarainos
map: Mur'gulOasis_LV
- players: 8
- length: 40:12
- speed: Fast
- version: 1.29 W3XP
- replay type: Public
» download(441 KB)
Players
team 1 (winner)
Fixammplz (
blue | 113 APM | 4545 actions | 40:11)
5 Death Knight
3 Death Coil
2 Unholy Aura
5 Lich
2 Frost Armor
3 Frost Nova
» actions
| Assign group hotkey | 33 | |
| Basic commands | 537 | |
| Build / train | 80 | |
| ESC pressed | 7 | |
| Enter build submenu | 21 | |
| Enter hero's abilities submenu | 11 | |
| Give item / drop item | 4 | |
| Right click | 1794 | |
| Select / deselect | 770 | |
| Select group hotkey | 1133 | |
| Use ability | 155 | |
4545 total
» units
| Acolyte | 9 | |
| Ghoul | 2 | |
| Crypt Fiend | 15 | |
| Obsidian Statue | 7 | |
33 total
» upgrades
| Destroyer Form | 1 | |
| Web | 1 | |
| Creature Attack | 3 | |
| Creature Carapace | 3 | |
8 total
» buildings
| Altar of Darkness | 1 | |
| Ziggurat | 7 | |
| Crypt | 1 | |
| Graveyard | 1 | |
| Tomb of Relics | 1 | |
| Halls of the Dead | 1 | |
| Nerubian Tower | 1 | |
| Slaughterhouse | 1 | |
| Black Citadel | 2 | |
| Spirit Tower | 9 | |
| Necropolis | 2 | |
27 total
» build order
00:14 Altar of Darkness
00:16 Ziggurat
00:35 Crypt
00:57 Graveyard
01:14 Tomb of Relics
01:27 Ziggurat
02:29 Halls of the Dead
04:03 Nerubian Tower
04:09 Ziggurat
05:33 Slaughterhouse
05:35 Black Citadel
05:35 Black Citadel
06:27 Ziggurat
14:16 Ziggurat
17:19 Ziggurat
20:48 Ziggurat
20:50 Spirit Tower
20:50 Spirit Tower
20:50 Spirit Tower
20:56 Spirit Tower
20:56 Spirit Tower
21:33 Spirit Tower
22:10 Spirit Tower
22:11 Spirit Tower
22:47 Spirit Tower
24:09 Necropolis
25:52 Necropolis
» items
| Rod of Necromancy | 3 | |
| Dust of Appearance | 2 | |
| Orb of Corruption | 1 | |
| Scroll of Town Portal | 3 | |
9 total
Medic78 (
teal | 44 APM | 1760 actions | 40:11)
7 Paladin
2 Holy Light
3 Devotion Aura
1 Divine Shield
1 Resurrection
» actions
| Assign group hotkey | 42 | |
| Basic commands | 4 | |
| Build / train | 81 | |
| Enter build submenu | 29 | |
| Enter hero's abilities submenu | 7 | |
| Give item / drop item | 2 | |
| Right click | 566 | |
| Select / deselect | 297 | |
| Select group hotkey | 647 | |
| Use ability | 85 | |
1760 total
» units
| Peasant | 13 | |
| Rifleman | 28 | |
| Mortar Team | 10 | |
51 total
» upgrades
| Gunpowder | 2 | |
| Armor | 2 | |
| Long Rifles | 1 | |
| Flare | 1 | |
6 total
» buildings
| Altar of Kings | 1 | |
| Farm | 13 | |
| Blacksmith | 1 | |
| Barracks | 1 | |
| Scout Tower | 1 | |
| Arcane Tower | 1 | |
| Arcane Vault | 4 | |
| Keep | 1 | |
| Lumber Mill | 1 | |
| Workshop | 3 | |
| Town Hall | 2 | |
29 total
» build order
00:39 Altar of Kings
00:58 Farm
01:08 Blacksmith
01:23 Barracks
01:45 Farm
01:58 Scout Tower
02:24 Farm
02:33 Arcane Tower
03:03 Farm
04:43 Arcane Vault
05:25 Farm
07:42 Farm
07:59 Keep
08:31 Lumber Mill
08:33 Farm
11:45 Workshop
11:48 Farm
14:42 Farm
15:12 Farm
15:15 Farm
17:03 Farm
18:34 Arcane Vault
19:05 Workshop
19:49 Farm
23:31 Arcane Vault
24:26 Town Hall
28:41 Workshop
31:53 Arcane Vault
39:21 Town Hall
» items
| Scroll of Regeneration | 4 | |
| Lesser Clarity Potion | 1 | |
| Scroll of Healing | 2 | |
| Dust of Appearance | 1 | |
| Potion of Healing | 4 | |
| Scroll of Town Portal | 2 | |
14 total
wAkarainos (
purple | 136 APM | 5468 actions | 40:12)
6 Archmage
3 Summon Water Elemental
2 Brilliance Aura
1 Mass Teleport
6 Mountain King
3 Storm Bolt
2 Bash
1 Avatar
» actions
| Assign group hotkey | 111 | |
| Basic commands | 374 | |
| Build / train | 133 | |
| ESC pressed | 11 | |
| Enter build submenu | 42 | |
| Enter hero's abilities submenu | 12 | |
| Give item / drop item | 9 | |
| Right click | 1623 | |
| Select / deselect | 633 | |
| Select group hotkey | 2227 | |
| Use ability | 293 | |
5468 total
» units
| Peasant | 14 | |
| Footman | 5 | |
| Rifleman | 10 | |
| Priest | 5 | |
| Gryphon Rider | 3 | |
| Dragonhawk Rider | 1 | |
38 total
» upgrades
| Masonry | 3 | |
| Gunpowder | 3 | |
| Sorceress Training | 1 | |
| Armor | 3 | |
| Priest Training | 2 | |
| Long Rifles | 1 | |
| Swords | 3 | |
| Animal War Training | 1 | |
| Cloud | 1 | |
18 total
» buildings
| Altar of Kings | 1 | |
| Barracks | 1 | |
| Farm | 11 | |
| Lumber Mill | 1 | |
| Arcane Vault | 2 | |
| Keep | 2 | |
| Scout Tower | 17 | |
| Blacksmith | 1 | |
| Guard Tower | 20 | |
| Castle | 2 | |
| Gryphon Aviary | 3 | |
| Arcane Sanctum | 1 | |
| Town Hall | 1 | |
| Arcane Tower | 4 | |
67 total
» build order
00:36 Altar of Kings
00:38 Barracks
00:48 Farm
01:03 Farm
01:33 Farm
01:50 Lumber Mill
01:57 Farm
02:27 Arcane Vault
04:38 Keep
04:38 Keep
05:41 Scout Tower
05:42 Blacksmith
05:45 Farm
06:15 Guard Tower
06:15 Guard Tower
07:10 Castle
07:10 Castle
07:13 Gryphon Aviary
07:16 Arcane Sanctum
09:44 Scout Tower
09:45 Scout Tower
09:48 Scout Tower
10:17 Guard Tower
10:17 Guard Tower
10:22 Guard Tower
10:22 Guard Tower
10:55 Guard Tower
10:55 Guard Tower
12:00 Guard Tower
12:11 Guard Tower
13:13 Guard Tower
13:42 Farm
19:05 Scout Tower
19:37 Guard Tower
19:38 Guard Tower
20:00 Farm
21:52 Town Hall
21:53 Scout Tower
21:53 Scout Tower
21:54 Scout Tower
21:55 Scout Tower
22:37 Guard Tower
22:37 Guard Tower
22:39 Scout Tower
22:40 Scout Tower
22:41 Scout Tower
22:43 Scout Tower
22:44 Scout Tower
23:04 Gryphon Aviary
23:08 Arcane Tower
23:08 Arcane Tower
23:09 Arcane Tower
23:10 Guard Tower
23:11 Arcane Tower
23:39 Guard Tower
23:39 Guard Tower
23:55 Scout Tower
23:55 Scout Tower
23:56 Scout Tower
25:04 Guard Tower
25:04 Guard Tower
25:35 Arcane Vault
26:27 Farm
26:27 Farm
26:29 Farm
26:38 Gryphon Aviary
27:17 Farm
» items
| Periapt of Vitality | 1 | |
| Scroll of Regeneration | 6 | |
| Lesser Clarity Potion | 2 | |
| Mechanical Critter | 1 | |
| Potion of Healing | 2 | |
| Ivory Tower | 3 | |
| Scroll of Town Portal | 4 | |
| Boots of Speed | 1 | |
| Potion of Lesser Invulnerability | 2 | |
| Orb of Fire | 3 | |
| Staff of Sanctuary | 2 | |
27 total
mathSUCKS (
yellow | 42 APM | 1387 actions | 33:13)
3 Dark Ranger
2 Black Arrow
1 Silence
1 Naga Sea Witch
1 Frost Arrows
» actions
| Assign group hotkey | 18 | |
| Basic commands | 97 | |
| Build / train | 79 | |
| Enter build submenu | 19 | |
| Enter hero's abilities submenu | 4 | |
| Remove unit from queue | 6 | |
| Right click | 546 | |
| Select / deselect | 300 | |
| Select group hotkey | 255 | |
| Use ability | 63 | |
1387 total
» units
| Wisp | 42 | |
| Archer | 2 | |
| Dryad | 4 | |
| Druid of the Talon | 4 | |
52 total
» upgrades
| Abolish Magic | 1 | |
| Druid of the Talon Training | 1 | |
| Strength of the Wild | 1 | |
| Reinforced Hides | 1 | |
4 total
» buildings
| Moon Well | 7 | |
| Ancient of War | 1 | |
| Altar of Elders | 2 | |
| Ancient of Wonders | 1 | |
| Tree of Life | 6 | |
| Tree of Ages | 3 | |
| Hunter's Hall | 1 | |
| Ancient Protector | 2 | |
| Ancient of Lore | 1 | |
| Ancient of Wind | 1 | |
| Tree of Eternity | 2 | |
27 total
» build order
00:24 Moon Well
01:10 Ancient of War
01:19 Altar of Elders
01:50 Ancient of Wonders
07:56 Moon Well
07:57 Moon Well
07:58 Moon Well
08:26 Moon Well
08:28 Moon Well
10:30 Tree of Life
10:44 Tree of Life
10:55 Tree of Life
15:20 Tree of Ages
17:04 Altar of Elders
17:11 Hunter's Hall
19:24 Moon Well
20:01 Ancient Protector
20:04 Ancient Protector
20:13 Ancient of Lore
20:22 Ancient of Wind
21:53 Tree of Ages
23:59 Tree of Eternity
24:24 Tree of Ages
24:56 Tree of Eternity
27:40 Tree of Life
29:06 Tree of Life
30:19 Tree of Life
» items
| Scroll of Regeneration | 1 | |
| Mechanical Critter | 1 | |
| Scroll of Town Portal | 2 | |
4 total
team 2 (loser)

»
DASKA (
green | 93 APM | 2765 actions | 29:44)
7 Archmage
3 Summon Water Elemental
3 Brilliance Aura
1 Mass Teleport
» actions
| Assign group hotkey | 58 | |
| Basic commands | 53 | |
| Build / train | 78 | |
| Enter build submenu | 19 | |
| Enter hero's abilities submenu | 7 | |
| Give item / drop item | 5 | |
| Right click | 1289 | |
| Select / deselect | 362 | |
| Select group hotkey | 771 | |
| Use ability | 123 | |
2765 total
» units
| Peasant | 9 | |
| Footman | 9 | |
| Mortar Team | 9 | |
| Siege Engine | 4 | |
31 total
» upgrades
| Gunpowder | 3 | |
| Barrage | 1 | |
| Plating | 3 | |
| Fragmentation Shards | 1 | |
| Armor | 1 | |
9 total
» buildings
| Barracks | 1 | |
| Farm | 9 | |
| Altar of Kings | 1 | |
| Scout Tower | 1 | |
| Arcane Vault | 1 | |
| Arcane Tower | 1 | |
| Keep | 1 | |
| Lumber Mill | 2 | |
| Blacksmith | 1 | |
| Workshop | 2 | |
| Castle | 1 | |
21 total
» build order
00:10 Barracks
00:22 Farm
00:30 Altar of Kings
00:58 Farm
01:14 Farm
01:36 Farm
02:23 Farm
02:42 Scout Tower
03:16 Arcane Vault
03:18 Arcane Tower
04:42 Keep
04:45 Farm
04:49 Lumber Mill
04:57 Lumber Mill
05:50 Blacksmith
06:47 Farm
07:17 Workshop
07:20 Workshop
09:13 Castle
12:07 Farm
19:59 Farm
» items
| Rod of Necromancy | 1 | |
| Scroll of Regeneration | 3 | |
| Lesser Clarity Potion | 5 | |
| Scroll of Town Portal | 5 | |
| Potion of Healing | 6 | |
| Potion of Mana | 3 | |
| Scroll of Speed | 1 | |
| Potion of Lesser Invulnerability | 1 | |
| Boots of Speed | 1 | |
| Ivory Tower | 1 | |
27 total
sapid (
red | 73 APM | 1913 actions | 26:12)
4 Death Knight
2 Death Coil
2 Unholy Aura
4 Lich
2 Frost Nova
2 Frost Armor
» actions
| Assign group hotkey | 34 | |
| Basic commands | 36 | |
| Build / train | 69 | |
| ESC pressed | 5 | |
| Enter build submenu | 12 | |
| Enter hero's abilities submenu | 8 | |
| Give item / drop item | 2 | |
| Right click | 899 | |
| Select / deselect | 262 | |
| Select group hotkey | 491 | |
| Use ability | 95 | |
1913 total
» units
| Acolyte | 4 | |
| Ghoul | 4 | |
| Crypt Fiend | 18 | |
| Frost Wyrm | 2 | |
28 total
» upgrades
| Creature Attack | 3 | |
| Creature Carapace | 2 | |
| Web | 1 | |
6 total
» buildings
| Crypt | 1 | |
| Graveyard | 1 | |
| Altar of Darkness | 1 | |
| Ziggurat | 5 | |
| Tomb of Relics | 1 | |
| Halls of the Dead | 1 | |
| Spirit Tower | 1 | |
| Nerubian Tower | 2 | |
| Black Citadel | 1 | |
| Sacrificial Pit | 2 | |
| Boneyard | 1 | |
17 total
» build order
00:19 Crypt
00:24 Graveyard
00:34 Altar of Darkness
00:49 Ziggurat
01:24 Tomb of Relics
02:07 Ziggurat
04:05 Ziggurat
05:54 Halls of the Dead
06:35 Ziggurat
07:12 Ziggurat
12:40 Spirit Tower
12:42 Nerubian Tower
12:42 Nerubian Tower
14:52 Black Citadel
15:14 Sacrificial Pit
15:18 Sacrificial Pit
17:25 Boneyard
» items
| Rod of Necromancy | 1 | |
| Potion of Healing | 8 | |
| Scroll of Town Portal | 4 | |
| Potion of Mana | 2 | |
| Orb of Corruption | 2 | |
17 total
HangEmHigh (
orange | 93 APM | 3730 actions | 40:11)
7 Blademaster
3 Wind Walk
3 Critical Strike
1 Bladestorm
» actions
| Assign group hotkey | 88 | |
| Basic commands | 32 | |
| Build / train | 79 | |
| Enter build submenu | 33 | |
| Enter hero's abilities submenu | 7 | |
| Give item / drop item | 36 | |
| Right click | 1800 | |
| Select / deselect | 404 | |
| Select group hotkey | 1058 | |
| Use ability | 193 | |
3730 total
» units
| Peon | 12 | |
| Grunt | 5 | |
| Wind Rider | 3 | |
| Troll Batrider | 8 | |
28 total
» upgrades
| Armor | 3 | |
| Ranged Weapons | 3 | |
| Troll Regeneration | 1 | |
| Envenomed Spears | 1 | |
| Liquid Fire | 1 | |
| Reinforced Defenses | 1 | |
| Ensnare | 1 | |
11 total
» buildings
| Orc Burrow | 5 | |
| Altar of Storms | 1 | |
| Barracks | 1 | |
| Voodoo Lounge | 2 | |
| Stronghold | 1 | |
| War Mill | 2 | |
| Beastiary | 3 | |
| Watch Tower | 17 | |
| Fortress | 1 | |
33 total
» build order
00:13 Orc Burrow
01:00 Orc Burrow
01:05 Altar of Storms
01:07 Barracks
01:50 Voodoo Lounge
02:55 Stronghold
04:15 War Mill
07:57 Beastiary
08:00 Beastiary
09:34 Watch Tower
09:34 Watch Tower
09:36 Watch Tower
09:37 Watch Tower
11:15 Orc Burrow
11:16 Orc Burrow
13:04 Fortress
14:09 Watch Tower
14:09 Watch Tower
14:11 Watch Tower
14:58 Orc Burrow
20:37 War Mill
21:32 Beastiary
21:34 Watch Tower
21:35 Watch Tower
32:41 Watch Tower
32:41 Watch Tower
32:41 Watch Tower
32:41 Watch Tower
32:42 Watch Tower
32:55 Watch Tower
32:55 Watch Tower
32:56 Watch Tower
34:40 Voodoo Lounge
» items
| Healing Salve | 11 | |
| Lesser Clarity Potion | 6 | |
| Potion of Mana | 3 | |
| Potion of Healing | 3 | |
| Scroll of Town Portal | 5 | |
| Staff of Teleportation | 1 | |
| Tiny Great Hall | 1 | |
30 total

»
PoopMachineFart (
pink | 44 APM | 1687 actions | 38:42)
4 Goblin Tinker
2 Pocket Factory
2 Engineering Upgrade
» actions
| Assign group hotkey | 2 | |
| Basic commands | 68 | |
| Build / train | 64 | |
| ESC pressed | 4 | |
| Enter build submenu | 18 | |
| Enter hero's abilities submenu | 5 | |
| Give item / drop item | 1 | |
| Right click | 843 | |
| Select / deselect | 570 | |
| Select group hotkey | 1 | |
| Use ability | 111 | |
1687 total
» units
| Acolyte | 4 | |
| Ghoul | 7 | |
| Meatwagon | 6 | |
| Necromancer | 15 | |
| Obsidian Statue | 4 | |
36 total
» upgrades
| Unholy Strength | 1 | |
| Necromancer Training | 2 | |
| Skeletal Longevity | 1 | |
| Exhume Corpses | 1 | |
| Skeletal Mastery | 1 | |
6 total
» buildings
| Crypt | 1 | |
| Altar of Darkness | 1 | |
| Ziggurat | 13 | |
| Tomb of Relics | 1 | |
| Graveyard | 1 | |
| Nerubian Tower | 2 | |
| Halls of the Dead | 1 | |
| Spirit Tower | 1 | |
| Slaughterhouse | 5 | |
| Sacrificial Pit | 1 | |
| Temple of the Damned | 2 | |
| Black Citadel | 1 | |
30 total
» build order
00:08 Crypt
00:13 Altar of Darkness
00:44 Ziggurat
01:44 Ziggurat
01:47 Tomb of Relics
01:53 Graveyard
02:46 Nerubian Tower
02:46 Nerubian Tower
04:12 Ziggurat
04:12 Ziggurat
04:59 Halls of the Dead
05:03 Ziggurat
05:04 Ziggurat
05:05 Ziggurat
07:30 Spirit Tower
08:01 Slaughterhouse
08:03 Slaughterhouse
08:09 Slaughterhouse
08:15 Ziggurat
08:16 Ziggurat
08:17 Ziggurat
08:27 Sacrificial Pit
09:19 Temple of the Damned
09:21 Temple of the Damned
09:29 Slaughterhouse
11:51 Black Citadel
14:58 Slaughterhouse
19:45 Ziggurat
19:46 Ziggurat
19:51 Ziggurat
» items
| Scroll of Town Portal | 2 | |
| Potion of Healing | 2 | |
| Potion of Invisibility | 2 | |
| Boots of Speed | 1 | |
| Staff of Teleportation | 1 | |
| Circlet of Nobility | 1 | |
| Healing Salve | 2 | |
| Lesser Clarity Potion | 1 | |
12 total
Chat log
(00:05 / All) wAkarainos: good movie oj
(00:11 / Allies) mathSUCKS: howdy
(00:12 / All) wAkarainos: gl hf bro
(00:23 / All) HangEmHigh: movie sux compared to his others, but, awesome title
(00:30 / Allies) mathSUCKS: thi
(00:32 / All) HangEmHigh: gl hf 2 u 2 bro
(00:37 / Allies) mathSUCKS: this map is still the same?>
(01:48 / Allies) Fixammplz: want any back?
(01:57 / Allies) mathSUCKS: nope but heal my lady please
(04:08 / Allies) Medic78: purp you a troll>
(04:18 / Allies) wAkarainos: why would I be, jerk
(04:26 / Allies) wAkarainos: it's 1 hero noob
(04:41 / Allies) mathSUCKS: wow thanks for trolling
(04:46 / Allies) wAkarainos: you're a troll
(04:55 / Allies) wAkarainos: omw
(04:56 / Allies) Medic78: there is a reason why hes level 1
(04:58 / Allies) wAkarainos: I was creeping son
(05:00 / Allies) wAkarainos: because my acc is new
(05:01 / Allies) mathSUCKS: sure ok youre on creeps while we attack and i am the troll
(05:01 / Allies) wAkarainos: yeah
(05:02 / Allies) wAkarainos: that's why
(05:09 / Allies) wAkarainos: while they attack you mean?
(05:14 / Allies) wAkarainos: wah wah wah
(05:17 / Allies) mathSUCKS: yup sure jan
(05:21 / Allies) wAkarainos: WAH WAH WAH
(05:22 / All) wAkarainos: WAHHHHH
(05:28 / All) wAkarainos: YELLOW IS CRYINBG BABY GONNA CRY
(05:44 / Allies) mathSUCKS: i know i am the worst be sure to blame me for the loss
(05:57 / Allies) wAkarainos: well that is obbvious
(06:00 / Allies) wAkarainos: 10-16
(06:06 / Allies) wAkarainos: jut make an ew acc trash
(06:21 / Allies) mathSUCKS: trolls idiots and assholes thanks man
(06:29 / Allies) mathSUCKS: keep on trolling buddy
(06:30 / Allies) wAkarainos: you're an asshole
(06:42 / Allies) wAkarainos: You throw a hissy fit since I was too busy creeping to babysit you in the first 5 mins you prick
(06:45 / Allies) mathSUCKS: sure jan
(06:56 / Allies) wAkarainos: Learn to survive the first few mins in a 4v4 dude, don't blame your allies on everything
(07:15 / Allies) mathSUCKS: thanks for trolling buddy
(07:22 / Allies) wAkarainos: stop trolling me
(07:29 / Allies) mathSUCKS: sure jan
(12:57 / Allies) Fixammplz: duest broooooooo
(13:41 / All) sapid: hacking human?
(13:48 / All) wAkarainos: hacking undead? always comes when I leave my base
(14:07 / All) sapid: thats a yes
(14:14 / All) wAkarainos: how am I hacking LOL
(14:21 / Allies) Fixammplz: brt
(14:55 / Allies) wAkarainos: lets hit top
(15:13 / Allies) Fixammplz: towers....
(15:26 / Allies) wAkarainos: oj has towers too
(16:39 / All) sapid: hack away
(17:59 / Allies) mathSUCKS: red dk
(18:13 / Allies) mathSUCKS: red dk
(18:25 / Allies) mathSUCKS: rally?
(19:30 / Allies) Medic78: why tp out?
(19:34 / Allies) Fixammplz: my base
(20:19 / Allies) Medic78: meet
(21:01 / Allies) Medic78: meet
(21:53 / Allies) Fixammplz: brt
(21:55 / Allies) Medic78: anytime now
(22:02 / Allies) wAkarainos: b
(22:04 / Allies) wAkarainos: don't suicide into that
(23:22 / Allies) mathSUCKS: dk
(23:24 / All) wAkarainos: right as towers go up lol
(23:27 / All) wAkarainos: you hack for sure
(23:30 / All) wAkarainos: then claim I hack
(23:32 / All) DASKA: BACK
(23:33 / All) DASKA: OMG
(23:36 / All) DASKA: fucking team
(23:39 / Allies) mathSUCKS: lots of critters around too idk
(23:49 / All) wAkarainos: good job losing everything red
(23:51 / All) wAkarainos: hacker down
(23:54 / All) sapid: yes i take a chance when u all around me lmao
(24:05 / All) sapid: clearly hacking btw
(24:08 / All) wAkarainos: how
(24:11 / All) sapid: ?
(24:17 / All) wAkarainos: what makes you think that
(24:20 / Allies) Fixammplz: shot there plz
(24:22 / All) wAkarainos: because I'm better?
(24:26 / Allies) Fixammplz: shop
(24:27 / Allies) Fixammplz: there
(24:29 / Allies) Fixammplz: in middle plz
(24:30 / All) sapid: what makes you think im hacking lol
(24:42 / All) wAkarainos: perfect timings
(24:45 / All) wAkarainos: always know when I leave my base
(24:47 / All) wAkarainos: or when my expo goes up
(24:50 / All) wAkarainos: and towers aren't finished
(24:51 / All) sapid: but you all around me
(24:55 / All) wAkarainos: you call me a mher to deflect your own obvious hacking
(24:55 / All) sapid: lol
(25:06 / All) sapid: wy would i risk it lol
(25:13 / All) DASKA: fucking ud feeding
(25:13 / All) wAkarainos: because you suck
(25:14 / All) sapid: if i knew 3 of u around me
(25:20 / All) wAkarainos: and your hacks don't make you good
(25:23 / Allies) Fixammplz: buiold a shop there plz
(25:24 / All) sapid: lol
(25:25 / Allies) Fixammplz: shop[
(25:28 / All) sapid: u low iq
(25:37 / Allies) Fixammplz: plz build a sop
(25:38 / Allies) wAkarainos: wah wah
(25:39 / Allies) wAkarainos: ping more
(25:40 / Allies) mathSUCKS: target nex
(25:40 / Allies) Fixammplz: shop
(27:25 / All) DASKA: poopmachinefart worst player ever
(27:30 / Allies) Fixammplz: just expo mid
(27:36 / Allies) Fixammplz: mines are empty
(28:39 / All) DASKA: and now this orc tk
(28:42 / All) DASKA: so retard
(28:55 / Allies) mathSUCKS: oh honey i got wood
(29:05 / Allies) Medic78: stay togherte come yellow
(29:06 / Allies) Medic78: purp
(29:34 / All) HangEmHigh: lol blue hacks 100%
(29:42 / All) PoopMachineFart: yep
(29:45 / All) Fixammplz: lol?
(29:46 / All) PoopMachineFart: hes obvious
(30:12 / Allies) mathSUCKS: oh purp is tk on me now cool
(30:21 / Allies) Fixammplz: wait how do i hack?
(30:27 / Allies) wAkarainos: You're ah acker and yellow is an asshole
(30:29 / Allies) wAkarainos: deserve the loss
(30:47 / Allies) mathSUCKS: wow
(30:56 / Allies) mathSUCKS: i stand by my earlier comment
(31:00 / All) mathSUCKS: trolls idiots and assholes
(31:09 / All) wAkarainos: talking about yourself?
(31:14 / All) mathSUCKS: purp and pinko are prob the same dude
(31:21 / Allies) Medic78: come on purp
(31:21 / All) PoopMachineFart: hacking fag
(31:25 / Allies) mathSUCKS: thanks buddy keep on trolling
(31:28 / Allies) Medic78: why be a dick?
(31:39 / Allies) wAkarainos: because hackers and trolls need to lose
(31:41 / Allies) mathSUCKS: waste of bandwidth
(31:47 / All) mathSUCKS: sure jan
(31:48 / All) wAkarainos: wc3 doesn't take much bandwidth
(31:56 / All) mathSUCKS: keep on trolling buddy
(32:12 / Allies) Medic78: so im hacking?
(32:16 / Allies) wAkarainos: Blue is
(32:18 / Allies) wAkarainos: and yellow is a douche
(32:19 / Allies) wAkarainos: so you lose
(32:23 / Allies) Fixammplz: lol no im not.....
(32:25 / Allies) wAkarainos: blame them not me
(32:25 / Allies) Medic78: and your a retard
(32:27 / All) mathSUCKS: pinko purp and oj prob all the same dude
(32:37 / Allies) Fixammplz: ill do webinar to prove it
(32:56 / All) mathSUCKS: thanks buddy keep on trolling
(33:41 / Allies) Medic78: wow purp
(33:48 / Allies) wAkarainos: hacker down
(33:48 / Allies) Medic78: you must fewel like god
(33:51 / Allies) Medic78: with all that power
(34:07 / Allies) Medic78: but first move out of mom's basement
(34:18 / Allies) wAkarainos: I live in my uncle's basement
(34:26 / Allies) wAkarainos: thank you very much
(34:27 / Allies) Medic78: the one that raped you ?
(34:32 / Allies) Medic78: that explains a lot
(35:13 / Allies) Medic78: this sis tupid
(35:18 / Allies) wAkarainos: then leave faggot
(35:23 / Allies) Fixammplz: so purp
(35:34 / Allies) Fixammplz: can i give u link to see my screen?
(35:35 / Allies) Medic78: how often do you get fucked in the ass by your uncle
(35:55 / Allies) wAkarainos: why, want something to get off to?
(35:56 / Allies) Medic78: i mean you clearly have the mental problems
(36:06 / Allies) Medic78: lonely kid
(36:09 / Allies) Medic78: no life
(36:15 / Allies) wAkarainos: says the homosexual who wants to fantasise about my molestation
(36:19 / Allies) Medic78: his only accomplishement team killing lol
(36:30 / Allies) Fixammplz: akarainos, can i give you a link?
(36:37 / Allies) Medic78: i bet you are an overweight fuck too
(36:43 / Allies) wAkarainos: you don't have to ask permission to give me a link
(37:37 / Allies) wAkarainos: what's the link blue
(37:43 / Allies) Fixammplz: logging in sec
(37:50 / Allies) Fixammplz: join.me/948-152-245
(37:58 / Allies) wAkarainos: what's that looks like a virus
(38:02 / All) HangEmHigh: when I was just hoping he'd fuck off so I could creep
(38:07 / All) Fixammplz: join.me/948-152-245
(38:10 / All) HangEmHigh: like all he did was delay my exp
(38:13 / All) HangEmHigh: but did nothing to my team
(38:30 / All) wAkarainos: I'm not looking at your virus blue
(38:32 / All) wAkarainos: Link a trustworthy site
(38:34 / Allies) Medic78: 10 gold
(38:38 / All) wAkarainos: I got hacked through this game before
(38:40 / All) PoopMachineFart: lol orange is tking
(38:40 / All) wAkarainos: I'm paranoid now
(38:43 / All) Fixammplz: lol join.me is one of the big three
(38:45 / All) Fixammplz: lol
(38:59 / All) Fixammplz: gotomeeting, join.me and zoom.
(39:00 / All) wAkarainos: Why would I want to screen share with you
(39:11 / All) Fixammplz: so i can show you im not hacking...
(39:11 / All) wAkarainos: what is that site
(39:17 / Allies) Fixammplz: join.me.
(39:18 / All) HangEmHigh: I wanted 30 food for creeping, and then chill hoarding gold
(39:24 / All) wAkarainos: I don't think it's worth being hacked to see if you are hacking or not dude
(39:27 / Allies) Fixammplz: join.me
(39:30 / All) Fixammplz: join.me/948-152-245
(39:32 / All) wAkarainos: sorry, I got hacked through WC3 before
(39:35 / All) wAkarainos: I'm careful now
(39:36 / All) HangEmHigh: but red wouldn't hlep at all
(39:42 / All) wAkarainos: I'm not joking either
(39:44 / All) Fixammplz: its a mainstream video conferenceing site, lol
(39:55 / All) wAkarainos: Yeah well I got hacked through teamspeak last time I got hacked through this game
(39:58 / All) wAkarainos: I thought that was legit too
(40:00 / All) Fixammplz: well
(40:07 / All) Fixammplz: oh well i dont have a way to prove it then...
(40:11 / All) wAkarainos: drophack